Map: 大气2000-天梯版

Players

夜蝶蝶蝶蝶蝶蝶蝶 (Firefly) - Winner!

  • Race: Protoss Protoss

iGXY (XY)

  • Race: Terran Terran

Event: DreamHack SC2 Masters 2021 Summer

VOD

Have the link to the VOD?

Description

Time

  • Played on: May 27, 2021, 8:19 a.m.
  • Length: 10:46

All games in this series

Show
View Real Time Build Order
Export as new Build Order

夜蝶蝶蝶蝶蝶蝶蝶 Protoss - Winner!

Build Orders: 1 Gate Expand 

Get SALT Encoding   

  12  0:00  Probe  
  13  0:12  Probe  
  14  0:17  Pylon  
  14  0:24  Probe  
  15  0:36  Probe (Chrono Boost)  
  15  0:39  Gateway  
  16  0:48  Probe (Chrono Boost), Assimilator  
  17  0:54  Probe (Chrono Boost)  
  18  1:03  Probe  
  19  1:15  Probe  
  20  1:27  Cybernetics Core  
  20  1:34  Nexus  
  20  1:39  Pylon  
  20  1:42  Probe  
  21  1:50  Assimilator  
  21  1:55  Probe  
  21  2:00  Pylon  
  21  2:01  Adept (Chrono Boost)  
  22  2:07  Warp Gate  
  24  2:10  Probe  
  24  2:21  Adept (Chrono Boost)  
  24  2:22  Probe  
  27  2:34  Probe  
  27  2:41  Stargate  
  27  2:45  Adept  
  27  2:46  Probe  
  27  2:49  Probe  
  31  2:58  Probe (Chrono Boost)  
  31  3:01  Probe (Chrono Boost)  
  33  3:11  Probe (Chrono Boost)  
  35  3:13  Probe (Chrono Boost)  
  35  3:18  Void Ray  
  35  3:19  Probe (Chrono Boost)  
  36  3:20  Probe (Chrono Boost)  
  36  3:25  Probe  
  42  3:27  Probe  
  43  3:37  Probe  
  43  3:40  Probe, Twilight Council  
  45  3:49  Probe  
  45  3:53  Probe  
  47  3:58  Pylon  
  47  4:01  Probe  
  47  4:02  Pylon  
  48  4:07  Probe  
  49  4:10  Blink (Chrono Boost)  
  49  4:11  Gateway  
  49  4:14  Gateway  
  49  4:18  Probe  
  49  4:22  Probe  
  49  4:23  Assimilator  
  50  4:35  Probe  
  50  4:37  Probe  
  52  4:39  Stalker  
  52  4:42  Nexus  
  54  4:50  Robotics Facility  
  54  4:51  Probe  
  50  5:03  Probe  
  50  5:06  Probe  
  52  5:11  Stalker x3  
  58  5:15  Probe  
  58  5:18  Probe  
  60  5:23  Pylon  
  60  5:26  Forge  
  60  5:28  Probe  
  61  5:30  Probe  
  62  5:42  Stalker x3  
  68  5:46  Probe x2  
  70  5:51  Pylon  
  70  5:58  Probe x2, Protoss Ground Weapons Level 1 (Chrono Boost)  
  70  6:03  Observer  
  73  6:05  Gateway  
  73  6:07  Gateway  
  73  6:08  Gateway  
  67  6:23  Stalker x2  
  67  6:25  Stalker  
  71  6:26  Probe, Shield Battery  
  71  6:27  Observer  
  71  6:30  Probe x2  
  75  6:33  Charge (Chrono Boost)  
  75  6:37  Gateway x2  
  75  6:38  Probe  
  72  6:42  Probe  
  72  6:45  Warp Prism (Chrono Boost)  
  72  6:46  Probe  
  74  6:50  Probe, Sentry  
  74  6:54  Probe, Sentry  
  81  6:55  Sentry  
  81  6:57  Pylon  
  81  6:58  Probe  
  85  7:03  Pylon  
  85  7:08  Stalker x2  
  85  7:11  Zealot, Pylon  
  85  7:14  Stalker  
  93  7:21  Zealot, Stalker  
  94  7:35  Zealot x5  
  94  7:36  Pylon  
  104  7:46  Zealot  
  104  7:47  Zealot x2  
  104  7:49  Protoss Ground Armor Level 1 (Chrono Boost)  
  110  7:59  Zealot x5  
  114  8:18  Zealot x3  
  116  8:20  Zealot x2  
  116  8:21  Zealot x2  
  116  8:25  Dark Shrine  
  122  8:27  Robotics Bay  
  122  8:29  Pylon  
  102  8:42  Stalker x5  
  102  8:43  Zealot x3  
  102  8:45  Probe x3  
  102  8:47  Assimilator x2  
  119  8:50  Phoenix  
  119  8:51  Assimilator  
  119  9:03  Nexus  
  119  9:12  Zealot x7  
  133  9:21  Pylon  
  133  9:28  Pylon  
  133  9:39  Disruptor (Chrono Boost)  
  133  9:40  Dark Templar x2  
  140  9:46  Pylon  
  140  9:48  Pylon  
  140  9:56  Zealot x4  
  148  10:10  Zealot x2  
  152  10:16  Zealot, Dark Templar x2  
  152  10:17  Zealot x3  
  121  10:31  Zealot x2  
  97  10:38  Zealot x2  
  97  10:39  Zealot x2  
Show
View Real Time Build Order
Export as new Build Order

iGXY Terran 

Build Orders:  

Get SALT Encoding   

  12  0:00  SCV  
  13  0:12  SCV  
  14  0:17  Supply Depot  
  14  0:24  SCV  
  15  0:39  SCV  
  15  0:40  Barracks  
  16  0:44  Refinery  
  16  0:51  SCV  
  17  1:03  SCV  
  18  1:15  SCV  
  19  1:27  Orbital Command, Marine  
  20  1:46  Command Center  
  20  1:53  SCV  
  21  1:58  Factory  
  21  2:03  Barracks Reactor  
  21  2:05  SCV  
  22  2:15  Supply Depot  
  22  2:18  SCV  
  22  2:21  Bunker  
  23  2:29  Refinery  
  23  2:36  SCV  
  24  2:39  Marine x2  
  26  2:44  Starport  
  26  2:47  Hellion  
  26  2:49  SCV  
  29  2:57  Marine x2  
  30  3:04  SCV  
  31  3:09  Widow Mine  
  33  3:13  Orbital Command  
  33  3:16  SCV  
  34  3:22  Medivac  
  36  3:28  SCV  
  36  3:31  Widow Mine  
  36  3:32  Marine  
  36  3:33  Marine  
  41  3:42  SCV  
  42  3:50  SCV, Marine  
  42  3:52  Viking  
  42  3:54  SCV  
  45  3:55  Supply Depot  
  45  3:59  Factory Tech Lab  
  45  4:06  Supply Depot  
  45  4:07  Bunker  
  46  4:10  SCV  
  46  4:17  SCV  
  46  4:19  Supply Depot  
  46  4:20  Marine  
  46  4:22  SCV  
  49  4:25  Siege Tank  
  49  4:29  Marine  
  53  4:38  Marine  
  54  4:39  SCV  
  54  4:43  SCV  
  56  4:47  Marine  
  56  4:50  Starport Tech Lab  
  56  4:51  SCV  
  58  4:56  Barracks  
  58  4:57  Marine  
  59  5:03  SCV  
  59  5:06  Marine  
  59  5:09  Raven  
  59  5:11  SCV  
  62  5:15  Supply Depot  
  62  5:19  SCV  
  61  5:25  Supply Depot  
  61  5:26  SCV  
  61  5:27  Siege Tank  
  65  5:31  SCV, Barracks, Engineering Bay  
  65  5:33  Marine  
  65  5:38  SCV, Marine  
  65  5:42  Refinery  
  67  5:43  Refinery, SCV, Supply Depot  
  68  5:50  SCV  
  68  5:55  SCV  
  70  5:57  Marine  
  70  5:58  Marine x2  
  70  5:59  Siege Tank  
  70  6:02  SCV, Starport Reactor  
  77  6:05  Stimpack  
  77  6:07  SCV  
  78  6:14  SCV  
  78  6:15  Marine  
  78  6:16  Marine x2  
  80  6:19  SCV  
  80  6:20  Barracks Tech Lab  
  80  6:21  Supply Depot  
  80  6:25  Command Center  
  80  6:26  SCV  
  80  6:28  Supply Depot  
  80  6:32  SCV  
  82  6:33  Marine  
  82  6:34  Marine, Siege Tank  
  82  6:38  SCV, Combat Shield  
  91  6:40  Marauder  
  91  6:41  Marauder  
  91  6:44  SCV, Supply Depot  
  93  6:50  SCV  
  93  6:51  Marine x2  
  96  6:56  SCV  
  96  6:57  Terran Infantry Weapons Level 1  
  99  7:01  Marauder  
  99  7:02  SCV, Marauder  
  99  7:06  Siege Tank  
  99  7:07  Supply Depot  
  99  7:08  Supply Depot  
  105  7:09  Marine x2  
  108  7:17  Barracks  
  108  7:19  SCV x2  
  108  7:21  Barracks  
  109  7:26  Marauder  
  109  7:29  Marauder, Marine  
  114  7:33  SCV x2  
  116  7:38  Siege Tank  
  118  7:45  SCV  
  118  7:48  Liberator x2  
  118  7:49  Marine x2  
  118  7:50  Marine  
  127  7:55  SCV  
  127  7:57  SCV  
  127  7:58  Concussive Shells  
  117  8:08  SCV  
  117  8:09  SCV  
  112  8:13  Orbital Command  
  112  8:18  Marine  
  103  8:20  SCV, Marine  
  103  8:21  SCV  
  93  8:27  Marine  
  93  8:32  SCV  
  86  8:37  SCV  
  86  8:39  SCV  
  86  8:40  Marine  
  85  8:44  SCV  
  85  8:48  Marine x2  
  88  8:49  SCV  
  88  8:51  SCV  
  88  8:52  Medivac  
  91  8:55  Marine  
  91  8:56  SCV, Marine  
  91  8:59  Medivac  
  96  9:05  SCV  
  96  9:08  Marine  
  98  9:11  Marine x3  
  98  9:13  Marine  
  98  9:14  SCV  
  98  9:16  SCV  
  104  9:17  SCV, Marine  
  106  9:26  Marine  
  106  9:27  SCV  
  106  9:28  Marine x2, Siege Tank  
  106  9:29  SCV  
  106  9:30  SCV  
  115  9:39  Marauder  
  115  9:40  Marauder  
  115  9:41  Marine  
  115  9:43  SCV  
  115  9:44  Marine  
  122  9:46  Marine  
  122  9:47  Marine  
  124  9:59  Marine  
  125  10:01  SCV x3, Marauder x2  
  125  10:02  Marine  
  125  10:04  Marine  
  125  10:05  Marine  
  135  10:13  SCV  
  136  10:17  Marine  
  136  10:20  Marine  
  136  10:22  Marauder x2  
Tags
 
Add a new tag
Caveats
  • Supply blocks, unpowered buildings, or Contaminate may cause inaccurate times.
  • Supply counts are checked every 10 seconds.